 Dungeon Crawl Stone Soup version 0.26.1-11-gd32895ea62 (webtiles) character file.

Game seed: 17843285413146123999

2327 Descartes the Grappler (level 9, -4/81 HPs)
             Began as a Troll Chaos Knight on July 11, 2021.
             Was a Plaything of Xom.
             Killed from afar by an orc wizard (6 damage)
             ... with a magic dart
             ... on level 6 of the Dungeon.
             The game lasted 00:10:58 (5056 turns).

Descartes the Grappler (Troll Chaos Knight)         Turns: 5056, Time: 00:10:58

Health: -4/81      AC: 10    Str: 20      XL:     9   Next: 19%
Magic:  8/8        EV:  9    Int: 11      God:    Xom [*.....]
Gold:   131        SH:  9    Dex:  9 (11) Spells: 8/8 levels left

rFire    . . .     SeeInvis .     - Unarmed
rCold    + . .     Faith    .   s - +0 kite shield (curse)
rNeg     + . .     Spirit   .   a - +2 robe
rPois    .         Reflect  .   (helmet restricted)
rElec    .         Harm     .   o - +0 cloak
rCorr    .         Rampage  .   (gloves unavailable)
Will     .....                  (boots unavailable)
Stlth    +.........             (no amulet)
HPRegen  0.63/turn              q - ring of protection from cold
MPRegen  0.11/turn              w - ring of positive energy

@: about to teleport, hasted, very quick
A: large, unfitting armour, claws 3, talons 2, agile 1, regeneration 1, shaggy
fur 2, tough skin 3, weak 1
a: Renounce Religion


You were on level 6 of the Dungeon.
You worshipped Xom.
You were a special plaything of Xom.
You visited 1 branch of the dungeon, and saw 7 of its levels.

You collected 332 gold pieces.
You spent 201 gold pieces at shops.

Inventory:

Missiles
 n - 5 boomerangs
 C - 22 poisoned darts (quivered)
 D - 8 javelins
Armour
 a - a +2 robe (worn)
 o - a +0 cloak (worn)
 s - a cursed +0 kite shield (worn)
Jewellery
 q - a ring of protection from cold (left claw)
 w - a ring of positive energy (right claw)
 E - a cursed ring of attention {unknown}
Wands
 g - a wand of enslavement (5)
 y - a wand of polymorph (9)
 B - a wand of paralysis (6)
Scrolls
 d - 3 scrolls of enchant armour {unknown}
 e - 12 scrolls of remove curse
 f - 2 scrolls of random uselessness
 i - 2 scrolls of immolation {unknown}
 j - a scroll of magic mapping {unknown}
 l - 8 scrolls of teleportation
 p - 5 scrolls of fear
 t - 5 scrolls of identify
 v - a scroll of fog {unknown}
 x - 3 scrolls of blinking {unknown}
 z - a scroll of enchant weapon {unknown}
Potions
 b - 6 potions of attraction
 h - a potion of haste
 k - a potion of berserk rage
 m - 2 potions of might
 r - a potion of cancellation
 u - a potion of flight
 A - 2 potions of brilliance


   Skills:
 - Level 3.0 Fighting
 - Level 2.5 Dodging
 + Level 6.1 Shields
 + Level 9.8 Unarmed Combat


You had 8 spell levels left.
You didn't know any spells.
Your spell library was empty.

Dungeon Overview and Level Annotations

Branches:
Dungeon (7/15)
 Temple: D:4-7

Altars:
Ashenzari
Cheibriados
Elyvilon
Fedhas
Gozag
Hepliaklqana
Makhleb
Nemelex Xobeh
Trog
Xom
Yredelemnul
The Shining One

Shops:
D:6 ?


Innate Abilities, Weirdness & Mutations

You are too large for most types of armour.
You have claws for hands.
Your natural rate of healing is unusually fast.
You are covered in thick fur. (AC +2)
You have extremely tough skin. (AC +3)
You have razor-sharp toenails.
You are agile. (Dex +2)
You are weak. (Str -2)


Message History

You claw the killer bee! Your kick misses the killer bee.
The killer bee is severely wounded.
The killer bee stings you but does no damage.
Okay, then.
As you read the scroll of teleportation, it crumbles to dust.
You feel strangely unstable. The killer bee closely misses you.
The killer bee stings you but does no damage.
You scratch the killer bee.
You kill the killer bee!
The orc warrior hits you with a +0 short sword.
* * * LOW HITPOINT WARNING * * *
You feel your strength returning.
You closely miss something.
An orc comes into view.
The orc warrior barely misses you.
You closely miss something.
You hear some strange, mumbled words.
A magic dart appears from out of thin air!
The magic dart hits you.
You die...

......# ##.....##.# #####.##
#.......#.#
.###.#)###.##.##.#.#
#.#.###.(.....##...#
##.#.#......####...##
#.###.......####..#.## .##
#..........o.###.## ..#
#<..#...###{## ##.# #.#
#.......# ##@###.## #.#
#.......# ##o#.## #.#
#.......# ##.## #.# ###..####
#.# #.# #.## #.# #.#####.##
#.# ######## #........#
#.####......#### #######..###
#.#.##.####.##.. #
#.......#######..#.#.##.......


You could see an orc warrior and an orc.

Vanquished Creatures
  Menkaure (D:6)
  Edmund (D:6)
  An ice beast (D:5)
  2 ogres
  2 phantoms
  A bullfrog (D:6)
  A water moccasin skeleton (D:5)
  9 killer bees (D:6)
  A wight (D:6)
  A centaur zombie (D:5)
  Crazy Yiuf (D:2)
  6 orc wizards
  A centaur skeleton (D:5)
  3 orc priests
  4 hounds
  An iguana (D:3)
  7 worker ants
  A hound zombie (D:5)
  2 hound skeletons
  A worker ant zombie (D:7)
  4 gnolls
  6 adders
  2 shadow imps
  2 white imps
  3 oozes
  An ufetubus (D:6)
  An adder skeleton (D:6)
  4 worms
  6 dart slugs
  4 leopard geckos
  20 orcs
  3 ball pythons
  6 giant cockroaches
  13 hobgoblins
  2 jackals (D:2)
  11 kobolds
  4 quokkas
  7 bats
  8 frilled lizards
  4 goblins
  9 rats
167 creatures vanquished.

Vanquished Creatures (collateral kills)
  An ice beast (D:5)
  A centaur (D:5)
  An orc (D:3)
3 creatures vanquished.

Grand Total: 170 creatures vanquished

Notes
Turn   | Place    | Note
-------+----------+-------------------------------------------
     0 | D:1      | Descartes the Troll Chaos Knight began the quest for the
                  | Orb.
     0 | D:1      | Reached XP level 1. HP: 22/22 MP: 0/0
   129 | D:1      | Reached XP level 2. HP: 29/29 MP: 1/1
   282 | D:1      | XOM: god gift: crooked gold wand {god gift}
   461 | D:1      | Reached XP level 3. HP: 36/36 MP: 2/2
   495 | D:1      | XOM: silly message
   802 | D:2      | Reached XP level 4. HP: 44/44 MP: 3/3
   862 | D:2      | Reached skill level 4 in Unarmed Combat
   994 | D:2      | Found a white marble altar of Elyvilon.
  1004 | D:2      | XOM: cloud trail
  1186 | D:2      | Found a basalt altar of Yredelemnul.
  1224 | D:2      | Found a runed translucent door.
  1225 | D:2      | Noticed Crazy Yiuf
  1231 | D:2      | Paralysed by Crazy Yiuf for 2 turns
  1238 | D:2      | Killed Crazy Yiuf
  1475 | D:2      | Found a sparkling altar of Nemelex Xobeh.
  1546 | D:3      | Reached skill level 5 in Unarmed Combat
  1546 | D:3      | Reached XP level 5. HP: 51/53 MP: 4/4
  1557 | D:3      | XOM: silly message
  1595 | D:3      | XOM: enchant monster (good)
  1599 | D:3      | XOM: summons 3 friendly demons
  1841 | D:3      | Reached skill level 6 in Unarmed Combat
  1846 | D:3      | Reached XP level 6. HP: 59/61 MP: 5/5
  2005 | D:3      | Found a hazy altar of Hepliaklqana.
  2020 | D:3      | XOM is BORED!
  2025 | D:3      | XOM: silly message
  2088 | D:4      | Reached skill level 1 in Shields
  2173 | D:4      | Found a bloodstained altar of Trog.
  2723 | D:4      | Reached XP level 7. HP: 67/67 MP: 6/6
  2889 | D:4      | Found a shimmering altar of Xom.
  2892 | D:4      | Found an opulent altar of Gozag.
  2892 | D:4      | Found a blossoming altar of Fedhas.
  2894 | D:4      | Found a glowing golden altar of the Shining One.
  2894 | D:4      | Found a shimmering altar of Xom.
  2894 | D:4      | Found a burning altar of Makhleb.
  3040 | D:4      | Found a snail-covered altar of Cheibriados.
  3190 | D:5      | Entered Level 5 of the Dungeon
  3228 | D:5      | Reached skill level 7 in Unarmed Combat
  3522 | D:5      | XOM: divination: detect items
  3529 | D:5      | XOM: enchant monster (bad)
  3605 | D:5      | XOM: summons 4 friendly demons
  3623 | D:5      | Reached XP level 8. HP: 72/75 MP: 7/7
  3624 | D:5      | Reached skill level 8 in Unarmed Combat
  3657 | D:5      | XOM: give mutations
  3657 | D:5      | Gained mutation: You are partially covered in iridescent
                  | scales. (AC +2) [Xom's grace]
  3657 | D:5      | Gained mutation: You have sharp toenails. [Xom's grace]
  3657 | D:5      | Gained mutation: Your mind is acute. (Int +2) [Xom's grace]
  3657 | D:5      | Gained mutation: Your muscles are strong. (Str +2) [Xom's
                  | grace]
  3746 | D:5      | Found a glowing golden altar of the Shining One.
  4001 | D:6      | XOM: noise
  4030 | D:6      | Noticed Menkaure
  4030 | D:6      | XOM: give mutations
  4030 | D:6      | Lost mutation: Your mind is acute. (Int +2) [Xom's
                  | mischief]
  4030 | D:6      | Gained mutation: You are robust. (+10% HP) [Xom's mischief]
  4030 | D:6      | Lost mutation: You are partially covered in iridescent
                  | scales. (AC +2) [Xom's mischief]
  4035 | D:6      | Killed Menkaure
  4048 | D:6      | Found Ymedeg's Magic Scroll Shop.
  4072 | D:6      | Reached skill level 5 in Shields
  4085 | D:6      | Reached skill level 9 in Unarmed Combat
  4090 | D:6      | HP: 3/82 [killer bee (2)]
  4095 | D:6      | HP: 4/184 [poisoned by a killer bee]
  4103 | D:6      | HP: 4/123 [poisoned by a killer bee]
  4104 | D:6      | Lost mutation: You are robust. (+10% HP) [potion of
                  | mutation]
  4104 | D:6      | Lost mutation: Your muscles are strong. (Str +2) [potion of
                  | mutation]
  4104 | D:6      | Gained mutation: You are weak. (Str -2) [potion of
                  | mutation]
  4104 | D:6      | Gained mutation: You have a pair of small antennae on your
                  | head. [potion of mutation]
  4203 | D:6      | Bought a scroll of identify for 26 gold pieces
  4203 | D:6      | Bought a scroll of teleportation for 39 gold pieces
  4203 | D:6      | Bought a scroll of remove curse for 39 gold pieces
  4203 | D:6      | Bought a scroll of teleportation for 39 gold pieces
  4203 | D:6      | Bought a scroll of fear for 45 gold pieces
  4203 | D:6      | Bought a scroll of random uselessness for 13 gold pieces
  4243 | D:6      | XOM: 1-stop teleportation journey
  4272 | D:6      | Found a shimmering altar of Xom.
  4484 | D:6      | Reached XP level 9. HP: 81/81 MP: 8/8
  4521 | D:6      | Noticed Edmund
  4530 | D:6      | Killed Edmund
  4857 | D:6      | XOM: give mutations
  4857 | D:6      | Gained mutation: You have razor-sharp toenails. [Xom's
                  | mischief]
  4857 | D:6      | Gained mutation: You are covered in thick fur. (AC +2)
                  | [Xom's mischief]
  4857 | D:6      | Lost mutation: You have a pair of small antennae on your
                  | head. [Xom's mischief]
  4857 | D:6      | Gained mutation: You are agile. (Dex +2) [Xom's mischief]
  4993 | D:7      | Found a broken altar of Ashenzari.
  5010 | D:7      | XOM: summons 1 hostile demon
  5043 | D:6      | HP: 1/81 [killer bee (6)]
  5051 | D:6      | HP: 2/81 [killer bee (2)]
  5056 | D:6      | Killed from afar by an orc wizard

Illustrated notes

Levels and vault maps discovered:
D:1:      dpeg_arrival_more_subterranean_lakeside_camping, layout_loops_ring,
          minmay_tetromino_l4
D:2:      layout_rooms, kennysheep_ying_yang, nemelex_dance_club_becter,
          uniq_crazy_yiuf_cottage
D:3:      layout_rooms, nzn_hepliaklqana_mist_gate, minmay_misc_feat_cross
D:4:      layout_basic, kennysheep_slug_shrine, lemuel_round_altar,
          doesnt_xom_only_xom
D:5:      layout_basic, basic_altar
D:6:      layout_loops_cross, kennysheep_little_box, serial_shops, shop,
          minmay_fractal_squares_diagonal_5, uniq_edmund, uniq_menkaure
D:7:      layout_rooms, ashenzari_altar_1, minmay_temple_entry_enclosed_plants

Skill      XL: |  1  2  3  4  5  6  7  8  9 |
---------------+----------------------------+-----
Dodging        | 2 |  2.5
Fighting       | 3 |  3.0
Unarmed Combat | 5 6 7 9 |  9.8
Shields        | 2 3 5 6 |  6.1

Action                   |  1- 3 |  4- 6 |  7- 9 || total
-------------------------+-------+-------+-------++-------
Melee: Unarmed           |   103 |   174 |   242 ||   519
       Punch             |       |     5 |       ||     5
       Kick              |       |       |    15 ||    15
  Use: Potion            |       |       |    11 ||    11
       Scroll            |       |       |     4 ||     4
 Stab: Distracted        |       |       |     1 ||     1
Armor: Robe              |    46 |    58 |    87 ||   191
       Skin              |       |       |     3 ||     3
Dodge: Dodged            |    53 |    67 |    96 ||   216
Block: Kite shield       |       |    19 |   123 ||   142
